 Dungeon Crawl Stone Soup version 0.20.0-15-g7f486f2 (webtiles) character file.

6530 Firecrotchwizard the Cleaver (level 10, -3/93 HPs)
             Began as a Minotaur Berserker on June 18, 2017.
             Was a High Priest of Trog.
             Slain by a vampire (5 damage)
             ... on level 9 of the Dungeon.
             The game lasted 00:17:28 (8297 turns).

Firecrotchwizard the Cleaver (Minotaur Berserker)   Turns: 8297, Time: 00:17:28

Health: -3/93      AC: 17    Str: 19    XL:     10   Next: 69%
Magic:  11/11      EV:  9    Int: 12    God:    Trog [*****.]
Gold:   470        SH:  3    Dex: 13    Spells: 9/9 levels left

rFire    + + .     SeeInvis .   L - +2 hand axe (freeze)
rCold    x . .     Gourm    .   (no shield)
rNeg     . . .     Faith    .   U - +0 plate armour
rPois    +         Spirit   .   (helmet restricted)
rElec    .         Reflect  +   (no cloak)
rCorr    .         Harm     .   (no gloves)
MR       .....                  v - +2 pair of boots
Stlth    ..........             P - amulet "Tikuqaakk" {Reflect rPois rF+ Str-3 Int+3 SH+3}
Regen    0.3/turn               p - +5 ring of intelligence
MPRegen  0.2/turn               u - ring of fire {rF+, rC-}

@: no status effects
A: retaliatory headbutt, horns 2
a: Berserk, Trog's Hand, Brothers in Arms, Burn Spellbooks, Renounce Religion


You were on level 9 of the Dungeon.
You worshipped Trog.
Trog was extremely pleased with you.
You were not hungry.

You visited 1 branch of the dungeon, and saw 9 of its levels.
You also visited: Sewer.

You collected 470 gold pieces.

Inventory:

Hand Weapons
 a - a +0 hand axe
 t - a +2 flail of crushing
   (You took it off an orc on level 6 of the Dungeon)
 y - a +0 hunting sling of flaming
   (You found it on level 6 of the Dungeon)
 C - a +1 war axe
   (You took it off an orc on level 4 of the Dungeon)
 L - a +2 hand axe of freezing (weapon)
   (You found it on level 7 of the Dungeon)
Missiles
 D - 8 needles of sleeping
 K - 4 throwing nets {=f, !d}
Armour
 b - a +0 animal skin
 k - a +0 ring mail
   (You found it on level 1 of the Dungeon)
 l - the +0 chain mail of Patterns {rPois rF- MR+}
   (You found it on level 5 of the Dungeon)

   It makes you vulnerable to fire.
   It protects you from poison.
   It affects your resistance to hostile enchantments.
 v - a +2 pair of boots (worn)
   (You found it on level 3 of the Dungeon)
 x - a +0 scale mail
   (You took it off an orc on level 3 of the Dungeon)
 M - a +1 chain mail of positive energy
   (You found it on level 7 of the Dungeon)
 R - +0 steam dragon scales
   (You found it on level 8 of the Dungeon)
 U - a +0 plate armour (worn)
   (You took it off an orc warrior on level 8 of the Dungeon)
Jewellery
 j - an uncursed amulet of guardian spirit {Spirit}
   (You found it on level 1 of the Dungeon)
 p - a +5 ring of intelligence (left hand)
   (You found it on level 2 of the Dungeon)
 u - a ring of fire (right hand) {rF+, rC-}
   (You found it on level 7 of the Dungeon)
 I - an uncursed ring of flight {+Fly, !d}
   (You found it on level 7 of the Dungeon)
 J - an uncursed ring of magical power {MP+9}
   (You found it on level 7 of the Dungeon)
 O - an uncursed amulet of rage {+Rage, !d}
   (You found it on level 7 of the Dungeon)
 P - the amulet "Tikuqaakk" (around neck) {Reflect rPois rF+ Str-3 Int+3 SH+3}
   (You took it off a centaur warrior on level 8 of the Dungeon)

   [amulet of reflection]

   It shields you and reflects attacks.
   It affects your strength (-3).
   It affects your intelligence (+3).
   It protects you from fire.
   It protects you from poison.
   It affects your SH (+3).
 V - a cursed ring of teleportation {unknown}
   (You found it on level 8 of the Dungeon)
Wands
 E - a wand of digging (24/24)
   (You took it off Ijyb on level 4 of the Dungeon)
 F - a wand of acid (9/15)
   (You found it on level 4 of the Dungeon)
 Q - a wand of scattershot (2/9)
   (You found it on level 8 of the Dungeon)
 T - a wand of enslavement (13/24)
   (You took it off Erolcha on level 9 of the Dungeon)
 W - a wand of polymorph (7/24)
   (You found it on level 8 of the Dungeon)
Scrolls
 f - 2 scrolls of enchant weapon
 h - 2 scrolls of fog
 i - a scroll of noise {!r}
 m - 5 scrolls of remove curse
 w - 6 scrolls of teleportation
Potions
 d - 10 potions of curing
 e - a potion of haste {unknown}
 g - a potion of berserk rage {!q}
 q - 2 potions of brilliance
 r - 2 potions of mutation {!q}
 z - 3 potions of flight
 A - 3 potions of heal wounds
 B - 2 potions of might
 H - a potion of magic {unknown}
 N - a potion of ambrosia {unknown}
Miscellaneous
 S - a phial of floods
   (You found it on level 8 of the Dungeon)
Comestibles
 c - 10 bread rations {@e1}
 n - 8 fruits
 o - 6 royal jellies
 G - 4 meat rations {@e2}


   Skills:
 + Level 9.8 Fighting
 * Level 11.7 Axes
 + Level 9.1 Armour
 + Level 8.1 Dodging
 + Level 3.3 Evocations


You had 9 spell levels left.
You didn't know any spells.

Dungeon Overview and Level Annotations

Branches:
Dungeon (9/15)             Temple (0/1) D:4
   Lair: D:8-11         Orc: D:9-12

Altars:
Ashenzari
Cheibriados
Elyvilon
Gozag
Kikubaaqudgha
Makhleb
Ru
Sif Muna
Trog
Xom
Zin
The Shining One


Innate Abilities, Weirdness & Mutations

You reflexively headbutt those who attack you in melee.
You have a pair of horns on your head.


Message History

You hit something but do no damage. You headbutt something. Something hits you!
Something bites you.
Something draws strength from your injuries!
You take 9 damage, and have 50/92 hp.
You hit something but do no damage. Your headbutt misses something.
Something hits you but does no damage. You block something's attack.
You hit something but do no damage. You headbutt something. You hit something.
You feel sick.
You are no longer poisoned.
Something hits you. Something bites you but does no damage.
You take 5 damage, and have 45/92 hp.
You barely miss something. Something hits you.
Something bites you but does no damage.
You take 5 damage, and have 40/92 hp.
You miss something. Something hits you but does no damage.
Something bites you but does no damage.
You hit something but do no damage.
Your plate armour prevents you from hitting something.
Something hits you but does no damage. Something bites you.
Something draws strength from your injuries!
You take 6 damage, and have 35/92 hp.
You hit something but do no damage.
Unholy energy fills the air.
* * * LOW HITPOINT WARNING * * *
You take 14 damage, and have 21/92 hp.
You hit something but do no damage. Something hits you.
* * * LOW HITPOINT WARNING * * *
Something bites you.
* * * LOW HITPOINT WARNING * * *
Something draws strength from your injuries!
You take 5 damage, and have 16/92 hp.
You hit something. Your headbutt misses something.
You hit something but do no damage. Something hits you but does no damage.
Something bites you!
* * * LOW HITPOINT WARNING * * *
Something draws strength from your injuries!
You take 9 damage, and have 7/92 hp.
Okay, then.
You feel much better. You block something's attack.
Something bites you but does no damage.
You regained 26 hp, and now have 33/92 hp.
You hit something but do no damage. Something hits you.
Something bites you but does no damage.
You take 3 damage, and have 30/92 hp.
You hit something but do no damage. You slash something! You freeze something.
Something hits you!
* * * LOW HITPOINT WARNING * * *
Something bites you but does no damage.
You take 7 damage, and have 23/92 hp.
You fail to use your ability.
Something hits you but does no damage. Something bites you but does no damage.
Your ogre goes berserk!
You feel quite a bit more hungry. Something hits you but does no damage.
Something bites you!
* * * LOW HITPOINT WARNING * * *
Something draws strength from your injuries!
You take 7 damage, and have 17/92 hp.
Your ogre rages.
You hit something. You freeze something. Something hits you but does no damage.
You block something's attack.
You hit something but do no damage. Something hits you but does no damage.
Something bites you but does no damage.
An ice beast comes into view.
You miss something. You barely miss something.
Something hits you but does no damage. Something bites you but does no damage.
Your plate armour prevents you from hitting something.
Something hits you but does no damage. You block something's attack.
You hit something but do no damage.
Your ogre rages.
You completely miss something. Something hits you but does no damage.
Something bites you.
* * * LOW HITPOINT WARNING * * *
Something draws strength from your injuries!
Your ogre misses the ice beast.
You take 3 damage, and have 15/92 hp.
You barely miss something. Something hits you but does no damage.
Something bites you!
* * * LOW HITPOINT WARNING * * *
Something draws strength from your injuries!
Your ogre barely misses the ice beast.
The ice beast barely misses your ogre.
You take 7 damage, and have 8/92 hp.
You closely miss something. You headbutt something.
Something hits you but does no damage. Something bites you but does no damage.
You closely miss something.
Your ogre hits the ice beast with a giant club!!
The ice beast hits your ogre. The ice beast freezes your ogre.
You hit something but do no damage.
Your ogre hits the ice beast with a giant club!!!
The ice beast dies!
Trog accepts your kill. Something hits you but does no damage.
Something bites you but does no damage.
You hit something. You headbutt something.
Something hits you but does no damage. Something bites you!
* * * LOW HITPOINT WARNING * * *
Something draws strength from your injuries!
You take 6 damage, and have 2/93 hp.
You closely miss something. You hit something but do no damage.
Something hits you but does no damage. Something bites you.
You die...

.........#.##.....>##..
.........#....#.....#...
..........#...........#..
................##.##.###.
..............######### ##
....)?.......## #
....).........# #
#.......O....##
#......$.@..##
........{..##
#......)....#
......[).....#
.............#
..........#....
...............#
#..........#....
....!...........


You could see a friendly ogre (berserk).

Vanquished Creatures
  Erolcha (D:9)
  2 two-headed ogres (D:8)
  Joseph (D:8)
  Prince Ribbit (D:5)
  A hippogriff (D:7)
  A steam dragon (D:8)
  2 orc warriors
  A sky beast (D:5)
  3 ice beasts
  2 black bears (D:7)
  2 phantoms
  5 ogres
  3 bullfrogs
  6 scorpions
  4 killer bees (D:7)
  2 crimson imps
  4 howler monkeys
  A centaur zombie (D:8)
  A bullfrog zombie (D:8)
  2 jellies
  2 orc wizards (D:8)
  3 orc priests
  3 hounds
  An iguana (D:7)
  Ijyb (D:4)
  8 worker ants
  A killer bee zombie (D:8)
  3 worker ant zombies
  A gnoll (D:1)
  12 adders
  A howler monkey skeleton (D:8)
  4 river rats (Sewer)
  A shadow imp (D:5)
  2 oozes
  An adder zombie (D:6)
  An adder skeleton (D:7)
  3 worms
  3 dart slugs
  5 leopard geckos
  26 orcs
  4 ball pythons
  3 giant cockroaches
  9 goblins
  3 hobgoblins
  9 jackals
  12 bats
  6 frilled lizards
  23 kobolds
  A leopard gecko skeleton (D:4)
  30 rats
227 creatures vanquished.

Vanquished Creatures (collateral kills)
  A centaur warrior (D:8)
  An ice beast (D:9)
  An orc (D:8)
3 creatures vanquished.

Vanquished Creatures (others)
  A sky beast (D:8)
1 creature vanquished.

Grand Total: 231 creatures vanquished

Notes
Turn   | Place    | Note
-------+----------+-------------------------------------------
     0 | D:1      | Firecrotchwizard the Minotaur Berserker began the quest for the Orb.
     0 | D:1      | Reached XP level 1. HP: 19/19 MP: 0/0
   196 | D:1      | Reached skill level 4 in Axes
   196 | D:1      | Reached XP level 2. HP: 27/27 MP: 1/1
   201 | D:1      | Reached skill level 4 in Fighting
   565 | D:1      | Reached XP level 3. HP: 29/33 MP: 2/2
   693 | D:1      | Reached skill level 3 in Armour
   932 | D:2      | Reached ** piety under Trog
  1054 | D:2      | Found a glowing golden altar of the Shining One.
  1056 | D:2      | Found a shattered altar of Ashenzari.
  1061 | D:2      | Found an ancient bone altar of Kikubaaqudgha.
  1062 | D:2      | Found a snail-covered altar of Cheibriados.
  1062 | D:2      | Found a bloodstained altar of Trog.
  1063 | D:2      | Found a deep blue altar of Sif Muna.
  1064 | D:2      | Found a shimmering altar of Xom.
  1066 | D:2      | Found an opulent altar of Gozag.
  1445 | D:2      | Reached XP level 4. HP: 34/41 MP: 3/3
  1450 | D:2      | Found a burning altar of Makhleb.
  1737 | D:3      | Found a faded altar of an unknown god.
  1814 | D:3      | Reached skill level 5 in Fighting
  1814 | D:3      | Reached skill level 3 in Dodging
  1814 | D:3      | Reached XP level 5. HP: 48/48 MP: 4/4
  2137 | D:3      | Found a glowing drain.
  2150 | Sewer    | Entered a sewer
  2271 | Sewer    | Reached *** piety under Trog
  2478 | Sewer    | Reached skill level 5 in Axes
  2478 | Sewer    | Reached skill level 4 in Armour
  2830 | D:3      | Found a white marble altar of Elyvilon.
  2881 | D:3      | Found a sacrificial altar of Ru.
  2975 | D:3      | Reached XP level 6. HP: 56/56 MP: 5/5
  3081 | D:4      | Reached **** piety under Trog
  3081 | D:4      | Reached skill level 6 in Fighting
  3081 | D:4      | Reached skill level 4 in Dodging
  3489 | D:4      | Noticed Ijyb
  3493 | D:4      | Killed Ijyb
  3647 | D:4      | Found a staircase to the Ecumenical Temple.
  3855 | D:5      | Entered Level 5 of the Dungeon
  3879 | D:5      | Reached XP level 7. HP: 63/63 MP: 4/6
  3959 | D:5      | Reached skill level 5 in Armour
  4080 | D:5      | Found an opulent altar of Gozag.
  4152 | D:5      | Noticed Prince Ribbit
  4170 | D:5      | Killed Prince Ribbit
  4170 | D:5      | Reached skill level 6 in Axes
  4379 | D:5      | Got a scorched chain mail
  4390 | D:5      | Identified the cursed +0 chain mail of Patterns {rPois rF- MR+} (You found it on level 5 of the Dungeon)
  4402 | D:5      | Reached skill level 5 in Dodging
  4649 | D:5      | Reached XP level 8. HP: 71/71 MP: 7/7
  4666 | D:5      | Reached skill level 7 in Axes
  4868 | D:6      | Found a glowing silver altar of Zin.
  4961 | D:6      | Reached skill level 7 in Fighting
  4961 | D:6      | Reached skill level 6 in Armour
  5608 | D:7      | Reached skill level 8 in Axes
  5631 | D:7      | Reached skill level 6 in Dodging
  5701 | D:7      | Noticed a hippogriff
  5708 | D:7      | Killed a hippogriff
  5708 | D:7      | Reached XP level 9. HP: 72/81 MP: 6/8
  5781 | D:7      | Reached skill level 8 in Fighting
  5781 | D:7      | Reached skill level 9 in Axes
  5997 | D:7      | Reached skill level 7 in Armour
  6475 | D:7      | Reached ***** piety under Trog
  6691 | D:8      | Noticed a two-headed ogre
  6704 | D:8      | Killed a two-headed ogre
  6704 | D:8      | Reached skill level 10 in Axes
  6967 | D:8      | Reached skill level 7 in Dodging
  7047 | D:8      | Reached skill level 1 in Evocations
  7048 | D:8      | Noticed a two-headed ogre
  7054 | D:8      | Noticed a centaur warrior
  7066 | D:8      | Killed a two-headed ogre
  7066 | D:8      | Reached skill level 9 in Fighting
  7066 | D:8      | Reached skill level 8 in Armour
  7066 | D:8      | Reached XP level 10. HP: 29/91 MP: 9/10
  7066 | D:8      | HP: 19/91 [centaur warrior/arrow (11)]
  7072 | D:8      | HP: 13/91 [centaur warrior (7)]
  7076 | D:8      | Killed a centaur warrior
  7076 | D:8      | Reached skill level 11 in Axes
  7076 | D:8      | Reached skill level 2 in Evocations
  7079 | D:8      | HP: 6/91 [steam dragon/ball of steam (10)]
  7369 | D:8      | Got a slimy zirconium amulet
  7372 | D:8      | Identified the amulet "Tikuqaakk" {Reflect rPois rF+ Str-3 Int+3 SH+3} (You took it off a centaur warrior on level 8 of the Dungeon)
  7463 | D:8      | Noticed Joseph
  7482 | D:8      | Killed Joseph
  8017 | D:9      | Noticed Erolcha
  8031 | D:9      | Killed Erolcha
  8031 | D:9      | Received a gift from Trog
  8031 | D:9      | Reached skill level 9 in Armour
  8031 | D:9      | Reached skill level 8 in Dodging
  8031 | D:9      | Reached skill level 3 in Evocations
  8272 | D:9      | HP: 21/92 [something/vampiric draining (14)]
  8275 | D:9      | HP: 7/92 [something (10)]
  8281 | D:9      | HP: 17/92 [something (7)]
  8290 | D:9      | HP: 15/92 [something (4)]
  8295 | D:9      | HP: 2/93 [something (7)]
  8297 | D:9      | Slain by a vampire

Skill      XL: |  1  2  3  4  5  6  7  8  9 10 |
---------------+-------------------------------+-----
Axes           | 4 5 6 8 10 11 | 11.7
Fighting       | 4 5 6 7 9 |  9.8
Armour         | 3 4 5 6 8 9 |  9.1
Dodging        | 3 4 5 6 7 8 |  8.1
Evocations     | 1 3 |  3.3

Action                   |  1- 3 |  4- 6 |  7- 9 | 10-12 || total
-------------------------+-------+-------+-------+-------++-------
Melee: Hand axe          |    61 |   174 |   100 |   152 ||   487
       Headbutt          |    10 |    34 |    48 |    37 ||   129
       War axe           |       |    10 |   142 |       ||   152
Invok: Burn Spellbooks   |       |       |     2 |     3 ||     5
       Trog's Hand       |       |       |       |     2 ||     2
       Brothers in Arms  |       |       |       |     2 ||     2
       Berserk           |       |       |       |     1 ||     1
  Use: Scroll            |     2 |       |    11 |     8 ||    21
       Potion            |       |       |       |     1 ||     1
 Stab: Sleeping          |     1 |       |       |       ||     1
  Eat: Chunk             |     1 |     7 |    11 |     6 ||    25
       Fruit             |       |     1 |       |       ||     1
Armor: Animal skin       |    15 |       |       |       ||    15
       Ring mail         |     7 |    57 |       |       ||    64
       Scale mail        |       |     8 |    11 |       ||    19
       Chain mail        |       |       |   113 |     9 ||   122
       Plate armour      |       |       |       |    56 ||    56
Dodge: Dodged            |    53 |   121 |   118 |    45 ||   337
Block: Other             |       |       |       |     9 ||     9

Vault maps used:
D:1:      elethiomel_arrival_quiet, hangedman_decor_push, minmay_misc_feat_doors
D:2:      minitemple, makhleb_heckhound_becter
D:3:      lemuel_doored_altar, lemuel_round_altar,
          chequers_ecumenical_altar_island, first_bread, portal_sewer_entry_e
D:4:      kennysheep_little_box, lemuel_temple_firewalk_b,
          minmay_misc_feat_rugged, uniq_ijyb
D:5:      grunt_gozag_breadcrumbs, uniq_prince_ribbit1
D:6:      kennysheep_mini_moat, minmay_misc_feat_roman
D:7:      nrook_loot_triangle, st_stairs_3, grunt_ogre_cave
D:8:      minmay_radiant, uniq_joseph
D:9:      uniq_erolcha
Sewer:    sewer_minmay_treatment

Table legend:
 A = Turns spent in this place as a percentage of turns spent in the entire game.
 B = Non-inter-level travel turns spent in this place as a percentage of non-inter-level travel turns spent in the entire game.
 C = Inter-level travel turns spent in this place as a percentage of turns spent in this place.
 D = Turns resting spent in this place as a percentage of non-inter-level travel turns spent in this place.
 E = Turns spent auto-exploring this place as a percentage of non-inter-level travel turns spent in this place.
 F = Non-inter-level travel turns spent in this place divided by the number of levels of this place that you've seen.
                   A       B       C       D       E      F
               +-------+-------+-------+-------+-------+----------------------
         Total | 100.0 | 100.0 |   0.5 |   3.1 |  13.7 | 190.2
       Dungeon |  91.2 |  91.2 |   0.5 |   3.1 |  13.5 | 192.7
         Sewer |   8.8 |   8.8 |   0.0 |   3.6 |  16.1 | 168.0
               +-------+-------+-------+-------+-------+----------------------

Table legend:
 A = Kills in this place as a percentage of kills in entire the game.
 B = Kills by you in this place as a percentage of kills by you in the entire game.
 C = Kills by friends in this place as a percentage of kills by friends in the entire game.
 D = Other kills in this place as a percentage of other kills in the entire game.
 E = Experience gained in this place as a percentage of experience gained in the entire game.
 F = Experience gained in this place divided by the number of levels of this place that you have seen.
                   A       B       C       D       E      F
               +-------+-------+-------+-------+-------+----------------------
         Total | 100.0 | 100.0 | 100.0 | 100.0 | 100.0 | 932.9
       Dungeon |  79.2 |  78.9 | 100.0 | 100.0 |  98.5 | 1020.8
         Sewer |  20.8 |  21.1 |   0.0 |   0.0 |   1.5 | 142.0
               +-------+-------+-------+-------+-------+----------------------
